[Event "Titled Tuesday Blitz November 14 Early 2023"]
[White "Lazavik, Denis"]
[Black "Alekseenko, Kirill"]
[WhiteFideId "13515110"]
[BlackFideId "4135539"]
[WhiteElo "3065"]
[BlackElo "2924"]
[Result "1/2-1/2"]
[Round "7"]
[TimeControl "180+1"]
[Date "2023.11.14"]
[WhiteClock "0:00:04"]
[BlackClock "0:00:07"]
[Board "2"]

1. d4 d5 2. c4 dxc4 3. Nf3 a6 4. e3 Bg4 5. Bxc4 e6 6. Nc3 Nc6 7. h3 Bh5 8. O-O Nf6 9. Re1 Be7 10. g4 Bg6 11. e4 O-O 12. Bf1 Bb4 13. Bg5 Be7 14. Bf4 Bb4 15. Qd3 Nd5 16. Bd2 Be7 17. Rac1 Nxc3 18. bxc3 Qd7 19. Qe3 Rad8 20. Rb1 b5 21. a4 bxa4 22. Bxa6 a3 23. Bb5 Qd6 24. h4 f6 25. h5 Be8 26. Bc4 Bf7 27. e5 fxe5 28. dxe5 Qc5 29. Qe4 Na5 30. Bd3 Rxd3 31. Qxd3 Nc4 32. Rb4 Nxd2 33. Qxd2 Bxh5 34. gxh5 Rxf3 35. Rb8+ Bf8 36. Re2 Qe7 37. Re4 h6 38. Kg2 Qf7 39. Ra8 Rf5 40. Rg4 Qxh5 41. f3 Rxe5 42. Rf4 Rg5+ 43. Kf2 Qh2+ 44. Ke3 Re5+ 45. Kd3 Rd5+ 46. Rd4 Qxd2+ 47. Kxd2 h5 48. Ke3 Rxd4 49. Kxd4 Kf7 50. Ke5 Bd6+ 51. Ke4 h4 52. Ke3 h3 53. Kf2 Kf6 54. f4 Kf5 55. Kf3 h2 56. Ra5+ c5 57. Kg2 Kxf4 58. Rxa3 Ke4 59. Ra6 Kd5 60. c4+ Ke5 61. Kxh2 Be7 62. Kg3 Bf6 63. Kf3 Kf5 64. Rc6 Bd4 65. Rc7 g5 66. Rf7+ Bf6 67. Rf8 g4+ 68. Kg3 e5 69. Rg8 e4 70. Rxg4 Be5+ 71. Kh3 e3 72. Rg2 Ke4 73. Kg4 Bc3 74. Re2 Bd2 75. Kg3 Bc3 76. Kg4 Be5 77. Rg2 Bd6 78. Re2 Bf8 79. Rg2 Bg7 80. Re2 Bd4 81. Rg2 Bc3 82. Re2 1/2-1/2


[Site "https://www.chess.com"]

[Event "Titled Tuesday Blitz November 14 Early 2023"]
[White "Martinez Alcantara, Jose Eduardo"]
[Black "Khismatullin, Denis"]
[WhiteFideId "3805662"]
[BlackFideId "4142578"]
[WhiteElo "3036"]
[BlackElo "2962"]
[Result "1-0"]
[Round "7"]
[TimeControl "180+1"]
[Date "2023.11.14"]
[WhiteClock "0:00:04"]
[BlackClock "0:00:00"]
[Board "3"]

1. e4 e5 2. Nf3 Nc6 3. Bb5 Nf6 4. d3 d6 5. c3 g6 6. O-O Bg7 7. Re1 O-O 8. h3 a6 9. Ba4 b5 10. Bb3 Na5 11. Bc2 c5 12. Bg5 h6 13. Bxf6 Qxf6 14. Nbd2 Be6 15. Nf1 Qe7 16. Ne3 h5 17. a3 Nc6 18. Bb3 Bh6 19. Bd5 Qd7 20. Bxe6 Qxe6 21. Nd5 Rab8 22. b4 Kg7 23. d4 cxd4 24. cxd4 Ne7 25. dxe5 dxe5 26. Qb3 Rbc8 27. Rad1 Rfd8 28. Qb2 f6 29. Nxe7 Qxe7 30. g3 Kh7 31. Kg2 Rc4 32. Qe2 Rdc8 33. Qd3 Rc3 34. Qd6 Qxd6 35. Rxd6 R8c6 36. Red1 Rxd6 37. Rxd6 Rxa3 38. Rxf6 Ra4 39. Rb6 Rxb4 40. Rxa6 Rxe4 41. Ra7+ Kg8 42. Rb7 b4 43. Nh4 g5 44. Ng6 g4 45. h4 Bd2 46. Ne7+ Kf8 47. Nd5 Rd4 48. Nf6 e4 49. Nxh5 e3 50. fxe3 Bxe3 51. Kf1 Rc4 52. Nf6 Bd4 53. Nxg4 Bc3 54. Ne3 Re4 55. Nd5 1-0


[Site "https://www.chess.com"]

[Event "Titled Tuesday Blitz November 14 Early 2023"]
[White "Kamsky, Gata"]
[Black "Daneshvar, Bardiya"]
[WhiteFideId "2000024"]
[BlackFideId "12576468"]
[WhiteElo "2908"]
[BlackElo "2989"]
[Result "0-1"]
[Round "7"]
[TimeControl "180+1"]
[Date "2023.11.14"]
[WhiteClock "0:00:11"]
[BlackClock "0:00:06"]
[Board "4"]

1. d4 Nf6 2. Bf4 c5 3. e3 Qb6 4. b3 cxd4 5. exd4 d5 6. c3 Nc6 7. Nf3 Bg4 8. h3 Bh5 9. Bd3 e6 10. O-O Be7 11. Nbd2 O-O 12. a4 Rac8 13. b4 a5 14. b5 Nb8 15. Rc1 Nbd7 16. c4 dxc4 17. Nxc4 Qd8 18. g4 Bg6 19. Bxg6 hxg6 20. Nfe5 Nd5 21. Bg3 N7b6 22. Nxb6 Rxc1 23. Qxc1 Nxb6 24. Rd1 Qd5 25. Qc7 Bd8 26. Qc2 Bf6 27. Qc7 Nxa4 28. Qxa5 Nb2 29. Rd2 Nc4 30. Nxc4 Qxc4 31. Be5 Bxe5 32. dxe5 b6 33. Qa1 Qxb5 34. Qd4 Rc8 35. Kg2 Qc6+ 36. f3 b5 37. h4 Qc1 38. Kg3 Qe1+ 39. Kg2 Qxh4 40. Qb2 Qe1 41. Re2 Qd1 42. Rd2 Qe1 43. Re2 Qa5 44. Rd2 b4 45. Kg3 Qa3 46. Qd4 Qc3 47. Qd7 Qxe5+ 48. Kg2 Qc7 49. Qb5 Rb8 50. Qe2 b3 0-1


[Site "https://www.chess.com"]

[Event "Titled Tuesday Blitz November 14 Early 2023"]
[White "Sychev, Klementy"]
[Black "Pranav, V"]
[WhiteFideId "4114060"]
[BlackFideId "25060783"]
[WhiteElo "2920"]
[BlackElo "3095"]
[Result "1-0"]
[Round "7"]
[TimeControl "180+1"]
[Date "2023.11.14"]
[WhiteClock "0:00:02"]
[BlackClock "0:00:00"]
[Board "5"]

1. e4 c6 2. c4 d6 3. d4 Nd7 4. Nc3 Ngf6 5. f4 e5 6. Nf3 exd4 7. Qxd4 Qb6 8. Be2 Be7 9. O-O O-O 10. Be3 Ng4 11. Qxb6 axb6 12. Bd2 Ngf6 13. Bd3 Re8 14. h3 Bf8 15. Rae1 Nc5 16. Bc2 Be6 17. b3 g6 18. f5 gxf5 19. exf5 Bd7 20. g4 b5 21. cxb5 cxb5 22. b4 Na4 23. Bxa4 bxa4 24. Bg5 Bg7 25. Bxf6 Bxf6 26. Nd5 Bd8 27. Rxe8+ Bxe8 28. Nd4 Bc6 29. Nxc6 bxc6 30. Nc3 d5 31. a3 Bf6 32. Rc1 Kf8 33. Nd1 Ra6 34. Kf2 Ke7 35. Ke3 Kd6 36. Kd3 Ra8 37. Rc2 Re8 38. Nc3 d4 39. Ne4+ Ke5 40. Re2 Bd8 41. Nc5+ 1-0


[Site "https://www.chess.com"]

[Event "Titled Tuesday Blitz November 14 Early 2023"]
[White "Bharath Subramaniyam H"]
[Black "Firouzja, Alireza"]
[WhiteFideId "46634827"]
[BlackFideId "12573981"]
[WhiteElo "2928"]
[BlackElo "3080"]
[Result "1-0"]
[Round "7"]
[TimeControl "180+1"]
[Date "2023.11.14"]
[WhiteClock "0:00:04"]
[BlackClock "0:00:00"]
[Board "6"]

1. e4 e6 2. d4 d5 3. Nc3 Bb4 4. e5 c5 5. a3 Bxc3+ 6. bxc3 Ne7 7. Qg4 O-O 8. Bd3 Nbc6 9. Nf3 f5 10. exf6 Rxf6 11. Bg5 Rf7 12. Qh5 g6 13. Qh4 Qa5 14. Bd2 Qa4 15. Ra2 e5 16. Ng5 Rg7 17. O-O Bf5 18. Bxf5 Nxf5 19. Qh3 cxd4 20. g4 Nd6 21. f4 Qc4 22. Ne6 Qxa2 23. Nxg7 Qxc2 24. Ne6 Nf7 25. Be1 d3 26. f5 d2 27. fxg6 Qxg6 28. Bxd2 Qxe6 29. Rf5 Qg6 30. Qf3 Rf8 31. Rf6 Qg7 32. Qf5 Ne7 33. Qe6 Ng6 34. g5 Kh8 35. c4 dxc4 36. Bb4 Nd8 37. Bxf8 Nxe6 38. Bxg7+ Nxg7 39. Rf7 Kg8 40. Rxb7 Ne6 41. Rxa7 Ngf4 42. Ra8+ Kf7 43. Rc8 c3 44. Kf2 Nd5 45. Ke2 Nd4+ 46. Kd3 c2 47. a4 Ke6 48. a5 Kd7 49. Rc4 Nb4+ 50. Kd2 Na2 51. a6 c1=Q+ 52. Rxc1 Nc6 53. Ra1 Nab4 54. a7 Nxa7 55. Rxa7+ Ke6 56. Rxh7 Kf5 57. h4 Nd5 58. Rf7+ Kg6 59. Rf8 Kg7 60. Rf5 Kg6 61. Rxe5 Nf4 62. Ke3 Ng2+ 63. Kf3 Nxh4+ 64. Kg4 Ng2 65. Re2 1-0


[Site "https://www.chess.com"]

[Event "Titled Tuesday Blitz November 14 Early 2023"]
[White "Erdogmus, Yagiz Kaan"]
[Black "Ashraf, Artin"]
[WhiteFideId "44599790"]
[BlackFideId "22514805"]
[WhiteElo "3041"]
[BlackElo "2934"]
[Result "1-0"]
[Round "7"]
[TimeControl "180+1"]
[Date "2023.11.14"]
[WhiteClock "0:00:44"]
[BlackClock "0:00:00"]
[Board "7"]

1. e4 c5 2. Nf3 d6 3. d4 cxd4 4. Nxd4 Nf6 5. Nc3 a6 6. Be3 e6 7. g4 b5 8. g5 Nfd7 9. Bg2 Bb7 10. f4 Nb6 11. O-O N8d7 12. f5 e5 13. Ne6 fxe6 14. Qh5+ Ke7 15. f6+ gxf6 16. gxf6+ Nxf6 17. Rxf6 Kd7 18. Rxe6 Nc4 19. Bg5 Qb6+ 20. Kh1 Rd8 21. Bh3 Kc6 22. Nd5 Qf2 23. Bxd8 Ne3 24. Qe8+ Kc5 25. Bb6+ 1-0


[Site "https://www.chess.com"]

[Event "Titled Tuesday Blitz November 14 Early 2023"]
[White "Niemann, Hans Moke"]
[Black "Salinas Herrera, Pablo"]
[WhiteFideId "2093596"]
[BlackFideId "3407128"]
[WhiteElo "3038"]
[BlackElo "2905"]
[Result "1-0"]
[Round "7"]
[TimeControl "180+1"]
[Date "2023.11.14"]
[WhiteClock "0:00:55"]
[BlackClock "0:00:50"]
[Board "8"]

1. e4 e5 2. Nf3 Nc6 3. Bc4 Bc5 4. d3 Nf6 5. O-O O-O 6. c3 d6 7. Re1 Bb6 8. h3 Ne7 9. a4 c6 10. Bb3 Ng6 11. d4 Re8 12. Nbd2 Be6 13. Bc2 h6 14. Nf1 exd4 15. cxd4 d5 16. e5 Ne4 17. Be3 f5 18. exf6 Qxf6 19. a5 Bc7 20. a6 b5 21. Rc1 Rac8 22. N1d2 Nxd2 23. Bxd2 Bd7 24. Be3 Nf4 25. Bxf4 Qxf4 26. Qd3 Re4 27. g3 Qf6 28. Rxe4 dxe4 29. Qxe4 Re8 30. Qh7+ Kf8 31. Nh4 Re2 32. Ng6+ Kf7 33. Bb3+ Be6 34. Bxe6+ Qxe6 35. Rc3 Qe4 36. Nh8+ Kf8 37. Qxe4 Rxe4 38. Rxc6 Bb6 39. Ng6+ Kf7 40. Ne5+ Kg8 41. Rxb6 axb6 42. a7 Re1+ 43. Kg2 Ra1 44. Nc6 Kf7 45. b4 Ra6 46. d5 Ke8 47. d6 1-0


[Site "https://www.chess.com"]

[Event "Titled Tuesday Blitz November 14 Early 2023"]
[White "Demchenko, Anton"]
[Black "Zhigalko, Sergei"]
[WhiteFideId "4160258"]
[BlackFideId "13502956"]
[WhiteElo "3027"]
[BlackElo "2904"]
[Result "0-1"]
[Round "7"]
[TimeControl "180+1"]
[Date "2023.11.14"]
[WhiteClock "0:00:00"]
[BlackClock "0:00:03"]
[Board "9"]

1. e4 c5 2. Nc3 Nc6 3. Bb5 Nd4 4. a4 e6 5. Nf3 a6 6. Bc4 Nf6 7. d3 d5 8. Ba2 Nc6 9. exd5 Nxd5 10. Nxd5 exd5 11. O-O Be7 12. d4 c4 13. c3 O-O 14. Bb1 Bg4 15. Bf4 Bd6 16. Bxd6 Bxf3 17. Qxf3 Qxd6 18. Bc2 Rfe8 19. Rfe1 g6 20. h4 h5 21. g4 hxg4 22. Qxg4 Kg7 23. Kg2 Rh8 24. Re3 Rh5 25. Qg3 Qf6 26. Rh1 Rah8 27. Rf3 Qe7 28. Re3 Qd8 29. Rf3 Rxh4 30. Rxf7+ Kxf7 31. Bxg6+ Kf6 32. Rxh4 Rxh4 33. Qxh4+ Kxg6 34. Qh2 Qg5+ 35. Kf1 Qc1+ 36. Kg2 Qg5+ 37. Kf1 Qf5 38. Qc7 Qb1+ 39. Kg2 Qe4+ 40. Kf1 Qe7 41. Qb6 Kf7 42. b3 cxb3 43. Qxb3 Qd7 44. Qb1 Ne7 45. Qb3 Qc6 0-1


[Site "https://www.chess.com"]

[Event "Titled Tuesday Blitz November 14 Early 2023"]
[White "Madaminov, Mukhiddin"]
[Black "Terry, Renato"]
[WhiteFideId "14210703"]
[BlackFideId "3803457"]
[WhiteElo "2885"]
[BlackElo "3013"]
[Result "0-1"]
[Round "7"]
[TimeControl "180+1"]
[Date "2023.11.14"]
[WhiteClock "0:00:02"]
[BlackClock "0:00:14"]
[Board "10"]

1. e4 e6 2. d4 d5 3. Nc3 Nf6 4. e5 Nfd7 5. f4 c5 6. Nf3 Nc6 7. Be3 Be7 8. a3 b6 9. Bd3 f6 10. exf6 Bxf6 11. Ne5 Bxe5 12. dxe5 Qh4+ 13. g3 Qh3 14. Bf1 Qh6 15. Bg2 Ndxe5 16. Qe2 Nc4 17. O-O-O Nxe3 18. Qxe3 O-O 19. Rhe1 Kh8 20. h4 Bd7 21. Nb5 Rae8 22. Bh3 Re7 23. Qd2 d4 24. Nd6 e5 25. Bxd7 Rxd7 26. fxe5 Qe6 27. Rf1 Rfd8 28. Rde1 Kg8 29. Kb1 Nxe5 30. Qf4 Qxd6 31. Rxe5 Rf8 32. Qxf8+ Qxf8 33. Rxf8+ Kxf8 34. b4 c4 35. Kc1 Kf7 36. Kd2 Kf6 37. Re4 b5 38. g4 g6 39. Re1 a6 40. a4 bxa4 41. Ra1 Ke5 42. Rxa4 Rd6 43. Ra5+ Ke4 44. c3 Rf6 45. cxd4 Kxd4 46. g5 Rb6 47. Kc2 Re6 48. Kd2 c3+ 49. Kd1 Kc4 50. Kc2 Kxb4 51. Ra1 Re2+ 52. Kd3 Rd2+ 53. Ke3 Rh2 54. Rxa6 Rxh4 55. Kd3 Rh3+ 56. Kc2 Kc4 57. Ra4+ Kd5 58. Ra5+ Ke4 59. Rb5 Kf4 60. Ra5 Rh5 61. Kxc3 Rxg5 62. Ra4+ Kg3 63. Kd2 Re5 64. Ra6 Kg4 65. Kd3 Kg5 66. Kd4 Re8 67. Ra1 h5 68. Rg1+ Kh6 69. Ra1 h4 70. Rf1 Kh5 71. Rf7 h3 72. Rh7+ Kg4 73. Rh6 g5 74. Rh7 Kg3 75. Rh8 Rxh8 0-1


[Site "https://www.chess.com"]

[Event "Titled Tuesday Blitz November 14 Early 2023"]
[White "Bortnyk, Olexandr"]
[Black "Rychkov, Oleg"]
[WhiteFideId "14120828"]
[BlackFideId "4122852"]
[WhiteElo "3009"]
[BlackElo "2854"]
[Result "1-0"]
[Round "7"]
[TimeControl "180+1"]
[Date "2023.11.14"]
[WhiteClock "0:01:16"]
[BlackClock "0:00:11"]
[Board "11"]

1. e4 e5 2. Nf3 Nc6 3. Bb5 a6 4. Ba4 d6 5. Nc3 b5 6. Bb3 Na5 7. d4 exd4 8. Qxd4 Nf6 9. e5 c5 10. Qe3 Ng4 11. Qe4 Nxb3 12. axb3 Be6 13. Nxb5 d5 14. Qa4 Bd7 15. e6 Bxb5 16. exf7+ Kxf7 17. Qxg4 Qe8+ 18. Be3 d4 19. Qf5+ Kg8 20. Qd5+ Qf7 21. Qxa8 dxe3 22. fxe3 h6 23. O-O-O Qe6 24. Rd8 1-0


[Site "https://www.chess.com"]

[Event "Titled Tuesday Blitz November 14 Early 2023"]
[White "Vokhidov, Shamsiddin"]
[Black "Beerdsen, Thomas"]
[WhiteFideId "14204223"]
[BlackFideId "1030108"]
[WhiteElo "3007"]
[BlackElo "2852"]
[Result "0-1"]
[Round "7"]
[TimeControl "180+1"]
[Date "2023.11.14"]
[WhiteClock "0:02:13"]
[BlackClock "0:01:27"]
[Board "12"]

1. b3 Nc6 2. Bb2 e5 3. e3 Nf6 4. Bb5 Bd6 5. Na3 Be7 6. Be2 d5 7. c3 O-O 8. Nc2 Re8 9. d4 exd4 10. cxd4 Bf5 11. Nf3 Bxc2 12. Qxc2 Bb4+ 13. Bc3 Ne4 14. Bxb4 Nxb4 15. Qb2 Re6 16. a3 Nc6 17. O-O Qd6 18. Bd3 f5 19. Rac1 Rf8 20. b4 Rh6 21. g3 f4 22. exf4 Rxf4 23. gxf4 Qxf4 24. Rxc6 Qg4+ 25. Kh1 Qxf3+ 26. Kg1 bxc6 27. Bxe4 dxe4 28. Re1 Rg6+ 29. Kf1 Qh3+ 30. Ke2 Qd3# 0-1


[Site "https://www.chess.com"]

[Event "Titled Tuesday Blitz November 14 Early 2023"]
[White "Rakhmanov, Aleksandr"]
[Black "Oparin, Grigoriy"]
[WhiteFideId "4173708"]
[BlackFideId "24125890"]
[WhiteElo "2851"]
[BlackElo "2999"]
[Result "0-1"]
[Round "7"]
[TimeControl "180+1"]
[Date "2023.11.14"]
[WhiteClock "0:00:00"]
[BlackClock "0:00:56"]
[Board "13"]

1. d4 Nf6 2. c4 e6 3. Nc3 Bb4 4. e3 b6 5. Bd3 Bb7 6. Ne2 Bxg2 7. Rg1 Bf3 8. Qc2 Nc6 9. a3 Bxe2 10. Qxe2 Bxc3+ 11. bxc3 Rg8 12. e4 e5 13. Bg5 Qe7 14. f4 d6 15. c5 O-O-O 16. d5 Na5 17. c6 exf4 18. Rb1 Rde8 19. Rb5 Qe5 20. Bxf6 gxf6 21. Rxg8 Rxg8 22. Kd2 f3 23. Qxf3 Qxh2+ 24. Be2 Nc4+ 25. Kc2 Nxa3+ 26. Kb3 Nxb5 27. Bxb5 Qe5 28. Bf1 Rg3 0-1


[Site "https://www.chess.com"]

[Event "Titled Tuesday Blitz November 14 Early 2023"]
[White "Muradli, Mahammad"]
[Black "Kozak, Antoni"]
[WhiteFideId "13409301"]
[BlackFideId "21832030"]
[WhiteElo "2997"]
[BlackElo "2848"]
[Result "1-0"]
[Round "7"]
[TimeControl "180+1"]
[Date "2023.11.14"]
[WhiteClock "0:00:13"]
[BlackClock "0:00:00"]
[Board "14"]

1. e4 c5 2. Nf3 Nc6 3. Bb5 e6 4. Bxc6 bxc6 5. e5 f6 6. O-O fxe5 7. Nxe5 Nf6 8. b3 d6 9. Nc4 e5 10. Bb2 Nd5 11. f4 Nxf4 12. Qf3 Bd7 13. Nxe5 dxe5 14. Bxe5 Nh3+ 15. gxh3 Qg5+ 16. Bg3 O-O-O 17. h4 Qd5 18. Nc3 Qxf3 19. Rxf3 Be7 20. Re1 Bf6 21. Ne4 Bd4+ 22. Kg2 Be6 23. c3 Bg4 24. Rf4 h5 25. cxd4 Rxd4 26. Nxc5 Rxd2+ 27. Rf2 Rxf2+ 28. Kxf2 Rd8 29. Re7 Rd2+ 30. Ke1 Rd1+ 31. Kf2 Rd2+ 32. Kf1 Rd1+ 33. Re1 Rd8 34. a4 g6 35. Kg1 Rf8 36. Kg2 Bf5 37. Re7 Kd8 38. Rxa7 Bc8 39. Bc7+ Ke8 40. Bd6 1-0


[Site "https://www.chess.com"]

[Event "Titled Tuesday Blitz November 14 Early 2023"]
[White "Xu, Xiangyu"]
[Black "Alexandre, Anne Shopie Elizabeth"]
[WhiteFideId "8608288"]
[BlackFideId "11902418"]
[WhiteElo "2981"]
[BlackElo "2843"]
[Result "1/2-1/2"]
[Round "7"]
[TimeControl "180+1"]
[Date "2023.11.14"]
[WhiteClock "0:00:24"]
[BlackClock "0:00:24"]
[Board "15"]

1. d4 Nf6 2. c4 e6 3. g3 d5 4. Bg2 Bb4+ 5. Bd2 Be7 6. Nf3 O-O 7. Bf4 a5 8. O-O c6 9. Nc3 Nbd7 10. cxd5 exd5 11. Qc2 Re8 12. Rfe1 Nf8 13. e3 Ng6 14. Bg5 h6 15. Bxf6 Bxf6 16. a3 Ne7 17. b4 axb4 18. axb4 Rxa1 19. Rxa1 Qd6 20. Qb3 b5 21. Ra8 Nf5 22. Qb1 Qc7 23. Ne1 Nd6 24. Nd3 Bf5 25. Rxe8+ Nxe8 26. Bf1 Nd6 27. Qa2 Bxd3 28. Bxd3 g6 29. Ne2 Nc4 30. Nf4 Bg5 31. Qa8+ Kg7 32. Be2 Bxf4 33. gxf4 Qd6 34. Kg2 Nd2 35. Qa3 Nc4 36. Qc3 Qf6 37. Qd3 g5 38. fxg5 Qxg5+ 39. Kf1 Qh4 40. Kg2 Qg5+ 41. Kh1 Nd6 42. Bf3 Qf6 43. Qd1 Nf5 44. Qg1+ Kf8 45. Be2 Nd6 46. Qg3 Ne4 47. Qb8+ Kg7 48. f3 Nc3 49. Qg3+ Qg6 50. Qe5+ Qf6 51. Qg3+ Qg6 52. Qe5+ Qf6 53. Qg3+ 1/2-1/2


[Site "https://www.chess.com"]

[Event "Titled Tuesday Blitz November 14 Early 2023"]
[White "Gholami Orimi, Mahdi"]
[Black "Idani, Pouya"]
[WhiteFideId "12558486"]
[BlackFideId "12510130"]
[WhiteElo "2968"]
[BlackElo "2832"]
[Result "1/2-1/2"]
[Round "7"]
[TimeControl "180+1"]
[Date "2023.11.14"]
[WhiteClock "0:00:05"]
[BlackClock "0:00:21"]
[Board "16"]

1. d4 Nf6 2. c4 e6 3. Nc3 Bb4 4. Qc2 d6 5. e4 c5 6. d5 exd5 7. exd5 O-O 8. Bd3 Bxc3+ 9. Qxc3 b5 10. b3 Re8+ 11. Ne2 bxc4 12. bxc4 Nbd7 13. Bf4 Ne5 14. Bxe5 Rxe5 15. O-O Bd7 16. Ng3 Qc7 17. Rfe1 Rxe1+ 18. Rxe1 Re8 19. Rxe8+ Nxe8 20. h3 Qb6 21. Qe1 Qd8 22. Qc3 Nf6 23. Qc1 Qe7 24. Qc3 g6 25. Nf1 Bc8 26. Ne3 h5 27. Qa5 Kg7 28. Qc3 Qe5 29. Qa3 Qe7 30. Qa4 Qc7 31. Qb3 Kg8 32. Qb2 Nd7 33. f4 Qb6 34. Qe2 Qd8 35. Nd1 Kg7 36. Nf2 Qf6 37. Qe8 Nb6 38. Qe3 Qa1+ 39. Kh2 Qd4 40. Qxd4+ cxd4 41. g4 hxg4 42. hxg4 f5 43. gxf5 Bxf5 44. Kg3 Bxd3 45. Nxd3 Nxc4 46. Nb4 Kf6 47. Kf3 Kf5 48. Nc6 a5 49. Nxd4+ Kf6 50. Nb5 a4 51. Ke4 Ke7 52. Kd4 Nb6 53. Nc3 Kf6 54. Ke4 Ke7 55. Kf3 Kf6 56. Kg4 a3 57. Nb5 Nxd5 58. Nxa3 Nc3 59. Nc4 d5 60. Nb6 d4 61. a3 d3 62. Nc4 Ke6 63. Kf3 Kd5 64. Nd2 Kd4 65. Nb3+ Kc4 66. Nd2+ Kd4 67. Nb3+ Kc4 68. Nd2+ Kd4 1/2-1/2


[Site "https://www.chess.com"]

[Event "Titled Tuesday Blitz November 14 Early 2023"]
[White "Mitrabha, Guha"]
[Black "Petkov, Momchil"]
[WhiteFideId "5057000"]
[BlackFideId "2921642"]
[WhiteElo "2959"]
[BlackElo "2751"]
[Result "1-0"]
[Round "7"]
[TimeControl "180+1"]
[Date "2023.11.14"]
[WhiteClock "0:00:08"]
[BlackClock "0:00:00"]
[Board "17"]

1. d4 d5 2. Nf3 Nf6 3. Bf4 e6 4. e3 c5 5. Nbd2 Nc6 6. c3 cxd4 7. exd4 Nh5 8. Be5 f6 9. Bg3 g6 10. Bd3 Bd7 11. O-O Nxg3 12. hxg3 Bg7 13. Re1 O-O 14. c4 Qb6 15. cxd5 exd5 16. Nb3 Bg4 17. Be2 Rae8 18. Rc1 a5 19. Rc5 a4 20. Rb5 Qd8 21. Nc5 Bxf3 22. Bxf3 Rxe1+ 23. Qxe1 Nxd4 24. Nxb7 Qd7 25. Rb6 Nxf3+ 26. gxf3 Re8 27. Qd2 d4 28. Nd6 Re6 29. Rb8+ Bf8 30. Ne4 Qc7 31. Qb4 Qe7 32. Qxd4 f5 33. Nc3 a3 34. bxa3 Qxa3 35. Qc4 Qd6 36. Rc8 Kf7 37. Nd5 Re1+ 38. Kg2 Qe6 39. Qc7+ Kg8 40. Qd8 Qf7 41. Nf6+ Kg7 42. Nd7 Be7 43. Qh8+ Kh6 44. Qd4 Bg5 45. Rc2 Qe6 46. Nc5 Qe8 47. Nd3 Qe7 48. Nxe1 Qxe1 49. Qd3 1-0


[Site "https://www.chess.com"]

[Event "Titled Tuesday Blitz November 14 Early 2023"]
[White "Sydoryka, Vladyslav"]
[Black "Gurel, Ediz"]
[WhiteFideId "14145928"]
[BlackFideId "44507356"]
[WhiteElo "2654"]
[BlackElo "2946"]
[Result "1-0"]
[Round "7"]
[TimeControl "180+1"]
[Date "2023.11.14"]
[WhiteClock "0:00:07"]
[BlackClock "0:00:07"]
[Board "18"]

1. c4 Nf6 2. g3 e5 3. Bg2 Bc5 4. Nc3 O-O 5. e3 Nc6 6. Nge2 d6 7. d4 exd4 8. exd4 Bb6 9. h3 Bf5 10. O-O Qd7 11. g4 Bg6 12. Be3 Rfe8 13. Ng3 h6 14. Qd2 Nb4 15. Bxb7 Rab8 16. Bg2 Ba5 17. a3 Nc2 18. b4 Bb6 19. Rac1 Nxa3 20. c5 Nc4 21. Qa2 Nxe3 22. fxe3 Rxe3 23. cxb6 Rxb6 24. Nf5 Bxf5 25. Rxf5 Qe7 26. Nd5 Nxd5 27. Bxd5 Rxh3 28. Bxf7+ Kh8 29. Qf2 Rb8 30. Re1 Qh4 31. Qxh4 Rxh4 32. Rf4 g5 33. Rfe4 Rh3 34. d5 Rf3 35. Bg6 Rf4 36. Rxf4 gxf4 37. Re4 Rb5 38. Bf7 Kg7 39. Be6 f3 40. Kf2 Kf6 41. Kxf3 c6 42. dxc6 d5 43. Re1 Rxb4 44. c7 Rb3+ 45. Kg2 Rb2+ 46. Kh3 Rb3+ 47. Kh2 Rb2+ 48. Kg1 Rc2 49. c8=Q Rxc8 50. Bxc8 d4 51. Re6+ Kg5 52. Rd6 Kf4 53. Rxd4+ 1-0


[Site "https://www.chess.com"]

[Event "Titled Tuesday Blitz November 14 Early 2023"]
[White "Dubov, Daniil"]
[Black "Maltsevskaya, Aleksandra"]
[WhiteFideId "24126055"]
[BlackFideId "24174041"]
[WhiteElo "3119"]
[BlackElo "2683"]
[Result "1-0"]
[Round "7"]
[TimeControl "180+1"]
[Date "2023.11.14"]
[WhiteClock "0:01:49"]
[BlackClock "0:00:17"]
[Board "19"]

1. e4 c6 2. d4 d5 3. e5 Bf5 4. Nf3 e6 5. Be2 c5 6. Be3 Nc6 7. dxc5 Nge7 8. O-O Ng6 9. Nd4 Ngxe5 10. Nxf5 exf5 11. c3 Be7 12. Qc2 Qd7 13. Rd1 O-O 14. Nd2 Rfd8 15. Nb3 Qc7 16. Qxf5 g6 17. Qf4 Rd7 18. Nd4 Qd8 19. Nxc6 Nxc6 20. Bg4 Rc7 21. Rxd5 Qxd5 22. Qxc7 Bxc5 23. Bf3 Qd6 24. Qxb7 1-0


[Site "https://www.chess.com"]

[Event "Titled Tuesday Blitz November 14 Early 2023"]
[White "Kopylov, Alexander A."]
[Black "Matlakov, Maxim"]
[WhiteFideId "4164857"]
[BlackFideId "4168003"]
[WhiteElo "2802"]
[BlackElo "2951"]
[Result "1/2-1/2"]
[Round "7"]
[TimeControl "180+1"]
[Date "2023.11.14"]
[WhiteClock "0:00:21"]
[BlackClock "0:00:05"]
[Board "20"]

1. d4 Nf6 2. Nf3 d6 3. g3 g6 4. Bg2 Bg7 5. O-O O-O 6. a4 a5 7. Nc3 c6 8. e4 Qc7 9. h3 e5 10. Be3 Re8 11. Re1 Nbd7 12. Qd2 exd4 13. Bxd4 b6 14. Rad1 Bb7 15. Bxf6 Bxf6 16. Qxd6 Qxd6 17. Rxd6 Bxc3 18. bxc3 Nc5 19. Nd4 Nxa4 20. e5 Nxc3 21. Rd7 Rad8 22. e6 fxe6 23. Rxb7 Rxd4 24. Bxc6 Rf8 25. Rxe6 Rd1+ 26. Kg2 Rd2 27. Ree7 Rdxf2+ 28. Kg1 Rf1+ 29. Kh2 R1f2+ 30. Bg2 R2f7 31. Rxf7 Rxf7 32. Rxb6 Rc7 33. Ra6 Rc5 34. Ra7 h6 35. h4 g5 36. Kh3 gxh4 37. Kxh4 a4 38. Bh3 Rc6 39. Bd7 Rd6 40. Kh5 Ne4 41. Bxa4 Nxg3+ 42. Kg4 Ne4 43. Bb3+ Kh8 44. Rc7 Rf6 45. Bd5 Nf2+ 46. Kg3 h5 47. c4 Nd3 48. Kh4 Nf4 49. Be4 Re6 50. Bf5 Re5 51. Bb1 Ng2+ 52. Kg3 Rg5+ 53. Kf3 h4 54. c5 Rg3+ 55. Ke4 Ne3 56. c6 h3 57. Rh7+ Kxh7 58. Kf4+ Kh6 59. Kxg3 Nd5 60. Kxh3 Nc7 61. Be4 Kg5 62. Kg3 Kf6 63. Kf4 Ke6 64. Ke3 Kd6 65. Kd4 Ne6+ 66. Kc4 Nd8 67. c7 Kxc7 1/2-1/2


[Site "https://www.chess.com"]

[Event "Titled Tuesday Blitz November 14 Early 2023"]
[White "Nazari, Arad"]
[Black "Galchenko, Matvey"]
[WhiteFideId "12577324"]
[BlackFideId "24175480"]
[WhiteElo "2772"]
[BlackElo "2942"]
[Result "0-1"]
[Round "7"]
[TimeControl "180+1"]
[Date "2023.11.14"]
[WhiteClock "0:00:01"]
[BlackClock "0:00:05"]
[Board "21"]

1. e4 e6 2. d4 d5 3. e5 c5 4. c3 Qb6 5. Nf3 Nc6 6. a3 Nh6 7. b4 cxd4 8. Bb2 Bd7 9. Bd3 Rc8 10. cxd4 Na5 11. Nbd2 Nc4 12. Bc1 a5 13. bxa5 Qxa5 14. O-O Qc3 15. Nb3 Ba4 16. Rb1 Nxa3 17. Bxa3 Bxa3 18. Be2 O-O 19. Nfd2 Nf5 20. Ra1 Qb4 21. Qb1 Nxd4 22. Nxd4 Qxd2 23. Bd3 Rc3 24. Bxh7+ Kh8 25. Nf3 Qf4 26. Bd3 Bc6 27. Qd1 Bc5 28. Ne1 g6 29. Qe2 Kg7 30. g3 Qd4 31. Bb5 Bxb5 32. Qxb5 Qxe5 33. Qxb7 Rc4 34. Nd3 Qd4 35. Nxc5 Qxc5 36. Rab1 Qd4 37. Qb2 Qxb2 38. Rxb2 d4 39. Rd2 e5 40. f4 e4 41. Re1 e3 42. Rd3 Re8 43. Kg2 Rc2+ 44. Kg1 Rd2 45. Rb3 d3 46. Rc3 Kf6 47. Kf1 Rf2+ 48. Kg1 d2 49. Rb1 e2 50. Rb6+ Kg7 51. Kxf2 e1=Q+ 52. Kg2 d1=Q 0-1


[Site "https://www.chess.com"]

[Event "Titled Tuesday Blitz November 14 Early 2023"]
[White "Sokolovsky, Yahli"]
[Black "Baskakov, Egor"]
[WhiteFideId "2820242"]
[BlackFideId "24197866"]
[WhiteElo "2765"]
[BlackElo "2910"]
[Result "0-1"]
[Round "7"]
[TimeControl "180+1"]
[Date "2023.11.14"]
[WhiteClock "0:00:00"]
[BlackClock "0:00:22"]
[Board "22"]

1. b3 Nf6 2. Bb2 e6 3. e3 d5 4. d4 Be7 5. Nf3 O-O 6. Nbd2 Ne4 7. Nxe4 dxe4 8. Nd2 f5 9. c4 c5 10. d5 Bf6 11. Qc2 Na6 12. a3 Nc7 13. dxe6 Bxe6 14. O-O-O Qe7 15. Be2 Rfd8 16. Nb1 Ne8 17. Nc3 Be5 18. g3 Qf6 19. Na4 b6 20. Bxe5 Qxe5 21. Qb2 Qc7 22. Nc3 a6 23. Rxd8 Rxd8 24. Rd1 Rxd1+ 25. Kxd1 Nf6 26. Qd2 Kf8 27. Kc2 Ke7 28. h4 Qe5 29. Na4 Nd7 30. Qc3 Kd6 31. Qxe5+ Kxe5 32. Kc3 g6 33. b4 Kd6 34. Nb2 Ne5 35. Na4 Kc6 36. bxc5 bxc5 37. Nb2 Bd7 38. Kb3 Kb6 39. Nd1 Bc6 40. Nc3 h6 41. Na2 g5 42. hxg5 hxg5 43. Nc3 Ka5 44. Kb2 Ng6 45. Bh5 Ne5 46. Be2 Kb6 47. Kb3 Kc7 48. Bh5 Nd3 49. Nd1 Kd6 50. Be2 Ne5 51. Nc3 Ng6 52. Na4 f4 53. Bh5 fxg3 54. fxg3 Ne5 0-1


[Site "https://www.chess.com"]